 Dungeon Crawl Stone Soup version 0.29.1-1-gd02db6906a (webtiles) character file.

Game seed: 1165264815909667693

118 Icepheonix32 the Changer (level 5, -5/37 HPs)
             Began as a Merfolk Transmuter on Oct 5, 2022.
             Killed from afar by a white imp (10 damage)
             ... with a puff of frost
             ... on level 3 of the Dungeon.
             The game lasted 00:03:26 (2586 turns).

Icepheonix32 the Changer (Merfolk Transmuter)       Turns: 2586, Time: 00:03:27

Health: -5/37      AC:  2    Str: 11    XL:     5   Next: 2%
Magic:  8/8        EV: 12    Int: 14    God:
Gold:   136        SH:  0    Dex: 12    Spells: 3/9 levels left

rFire   . . .      SeeInvis .     - Unarmed
rCold   . . .      Faith    .   (no shield)
rNeg    . . .      Spirit   .   a - +0 robe
rPois   .          Reflect  .   (helmet currently unavailable)
rElec   .          Harm     .   (no cloak)
rCorr   .          Rampage  .   (no gloves)
Will    .....                   (boots currently unavailable)
Stlth   +.........              d - amulet of regeneration
HPRegen 0.92/turn               (no ring)
MPRegen 0.11/turn               (no ring)

@: appendages (expiring)
A: horns 2, (nimble swimmer 2), mertail, clumsy 1, evolution 1
a: End Transformation


You were on level 3 of the Dungeon.
You had temporarily grown beastly horns.
You visited 1 branch of the dungeon, and saw 3 of its levels.

You collected 136 gold pieces.

Inventory:

Missiles
 e - 5 boomerangs
Armour
 a - a +0 robe (worn)
Magical Staves
 n - a staff of conjuration
Jewellery
 d - an amulet of regeneration (around neck)
 o - an amulet of regeneration
Wands
 c - a wand of flame (7)
Scrolls
 f - a scroll of magic mapping {unknown}
 h - a scroll of enchant weapon
 i - a scroll of teleportation
 q - a scroll of butterflies {unknown}
 r - a scroll of vulnerability {unknown}
Potions
 b - a potion of lignification
 g - a potion of mutation
 j - a potion of ambrosia {unknown}
 k - 2 potions of flight {unknown}
 l - 2 potions of degeneration {unknown}
 p - a potion of brilliance {unknown}


   Skills:
 + Level 1.3 Fighting
 + Level 3.0 Dodging
 + Level 0.7 Stealth
 + Level 4.4 Unarmed Combat
 + Level 2.5 Spellcasting
 * Level 4.5 Transmutations
 * Level 0.1 Poison Magic


You had 3 spell levels left.
You knew the following spells:

 Your Spells              Type           Power      Damage    Failure   Level
a - Beastly Appendage     Tmut           28%        N/A       3%          1
b - Wereblood             Tmut           14%        N/A       5%          2
c - Spider Form           Tmut/Pois      8%         N/A       26%         3

Your spell library contained the following spells:

 Spells                   Type           Power      Damage    Failure   Level
 Passwall                 Tmut/Erth      6%         N/A       14%         2
 Freeze                   Ice            4%         1d3       22%         1
 Ensorcelled Hibernation  Hex/Ice        2%         N/A       34%         2
 Frozen Ramparts          Ice            2%         1d1       56%         3
 Swiftness                Air            1%         N/A       56%         3
 Ice Form                 Ice/Tmut       8%         N/A       65%         4
 Hailstorm                Conj/Ice       1%         3d3       92%         4


Dungeon Overview and Level Annotations

Branches:
Dungeon (3/15)

Altars:

Shops:
D:3 [

Annotations:
D:2 1 runed translucent door, Crazy Yiuf


Innate Abilities, Weirdness & Mutations

You have temporarily grown beastly horns.
((You are very nimble when in or above water. (Stealth+, EV+, Speed+++)))
Your lower body shifts to a powerful aquatic tail in water.
You are clumsy. (Dex -2)
You have hidden genetic potential.


Message History

You grow a pair of large bovine horns.
The white imp gestures at you. The puff of frost hits you!
The white imp hits you. The white imp freezes you.
You hit the white imp but do no damage.
You headbutt the white imp, but do no damage.
You hit the white imp but do no damage. The white imp gestures at you.
The puff of frost hits you.
You are too injured to fight recklessly!
You are too injured to fight recklessly!
You closely miss the white imp. The white imp barely misses you.
It was a potion of mutation.
You feel extremely strange.
You feel clumsy.
You feel a hidden potential growing inside you.
The white imp gestures at you. The puff of frost hits you.
You closely miss the white imp. The white imp closely misses you.
You hit the white imp but do no damage. The white imp closely misses you.
You hit the white imp but do no damage. The white imp gestures at you.
The puff of frost hits you.
* * * LOW HITPOINT WARNING * * *
You hit the white imp but do no damage. The white imp barely misses you.
You feel better. The white imp gestures at you. The puff of frost hits you.
* * * LOW HITPOINT WARNING * * *
You hit the white imp but do no damage. The white imp barely misses you.
You hit the white imp but do no damage. The white imp misses you.
You closely miss the white imp.
Your transformation is almost over.
The white imp gestures at you. The puff of frost hits you!
* * * LOW HITPOINT WARNING * * *
You hit the white imp.
The white imp is heavily wounded.
The white imp gestures at you. The puff of frost hits you!
You die...

#########......
#............#
#............###
#............... #.
#...>....(....#
###.
#.............#
#...##########...#
#...........##.#.#
#..............#@#
#...........####5#
#...........# #..
#...............[##
#................#
#................#
#....<...........#
#................#
#<##..#.###.....


You could see a white imp.

Vanquished Creatures
  6 adders
  2 worms (D:2)
  A dart slug (D:2)
  8 bats
  4 endoplasms
  5 giant cockroaches
  6 hobgoblins
  3 quokkas
  7 ball pythons
  4 frilled lizards
  3 goblins
  5 kobolds (D:2)
  3 rats
57 creatures vanquished.

Notes
Turn   | Place    | Note
-------+----------+-------------------------------------------
     0 | D:1      | Icepheonix32 the Merfolk Transmuter began the quest for the
                  | Orb.
     0 | D:1      | Reached XP level 1. HP: 15/15 MP: 3/3
   154 | D:1      | Reached XP level 2. HP: 21/21 MP: 3/5
   888 | D:1      | Reached XP level 3. HP: 26/26 MP: 4/6
  1132 | D:2      | Found a runed translucent door.
  1133 | D:2      | Noticed Crazy Yiuf
  1301 | D:2      | Found a faded altar of an unknown god.
  1534 | D:2      | Reached XP level 4. HP: 18/32 MP: 7/7
  2370 | D:2      | Learned a level 2 spell: Wereblood
  2374 | D:2      | Learned a level 3 spell: Spider Form
  2438 | D:3      | Found Ogot's Armour Shoppe.
  2515 | D:3      | Reached XP level 5. HP: 17/37 MP: 4/8
  2577 | D:3      | Gained mutation: You are clumsy. (Dex -2) [potion of
                  | mutation]
  2577 | D:3      | Gained mutation: You have hidden genetic potential. [potion
                  | of mutation]
  2586 | D:3      | Killed from afar by a white imp

Illustrated notes

Levels and vault maps discovered:
D:1:      evilmike_arrival_crescent, layout_basic
D:2:      wad_river_or_something, layout_loops_corners,
          hellmonk_ecumenical_altar_prayer_group, uniq_crazy_yiuf_cottage
D:3:      layout_basic, serial_shops, nicolae_shop_stone

Skill      XL: |  1  2  3 |
---------------+----------+-----
Transmutations | 3 4 |  4.5
Dodging        | 3 |  3.0
Unarmed Combat | 4 |  4.4
Fighting       | |  1.3
Stealth        | |  0.7
Spellcasting   | |  2.5
Poison Magic   | |  0.1

Action                   |  1- 3 |  4- 6 || total
-------------------------+-------+-------++-------
Melee: Unarmed           |    85 |    89 ||   174
       Headbutt          |    14 |    11 ||    25
       Punch             |     4 |     3 ||     7
 Cast: Beastly Appendage |    21 |    17 ||    38
       Wereblood         |       |     1 ||     1
  Use: Scroll            |       |     4 ||     4
       Potion            |       |     3 ||     3
 Stab: Distracted        |     1 |       ||     1
       Sleeping          |     1 |       ||     1
Armor: Robe              |    14 |    21 ||    35
Dodge: Dodged            |    45 |    88 ||   133
